Map: Templo Congelado

Players

Voltz

  • Race: Zerg Zerg
  • League: Grandmaster

TheZergLord - Winner!

  • Race: Zerg Zerg
  • League: Master

VOD

Have the link to the VOD?

Description

Time

  • Played on: May 24, 2016, 11:22 a.m.
  • Length: 7:10
Show
View Real Time Build Order
Export as new Build Order

Voltz Zerg 

Build Orders: Hatch First 

Get SALT Encoding   

  12  0:01  Drone  
  13  0:16  Overlord  
  13  0:18  Drone  
  14  0:34  Drone x2  
  16  0:38  Drone  
  17  0:55  Hatchery  
  17  0:56  Drone  
  17  0:59  Drone  
  18  1:10  Extractor  
  17  1:14  Spawning Pool  
  17  1:15  Drone  
  17  1:21  Drone  
  18  1:31  Drone  
  19  1:42  Overlord  
  19  2:01  Queen, Zergling x2  
  21  2:04  Drone  
  21  2:07  Queen  
  21  2:08  Drone  
  26  2:10  Metabolic Boost  
  26  2:21  Drone x2  
  28  2:25  Drone  
  29  2:30  Drone  
  29  2:36  Drone  
  31  2:37  Baneling Nest  
  31  2:40  Drone  
  31  2:51  Hatchery  
  30  2:52  Zergling x2  
  30  2:58  Zergling x4  
  32  3:02  Zergling x2  
  33  3:08  Zergling x2  
  33  3:11  Overlord  
  33  3:12  Zergling x4  
  36  3:18  Overlord  
  36  3:30  Drone  
  36  3:32  Drone x2, Roach Warren  
  36  3:33  Drone  
  39  3:48  Drone x6  
  44  3:49  Extractor  
  44  3:53  Lair  
  44  4:00  Overlord  
  44  4:02  Drone x3  
  47  4:03  Drone  
  47  4:07  Drone x2  
  50  4:14  Evolution Chamber  
  49  4:18  Roach Warren  
  49  4:21  Drone  
  49  4:24  Drone x3  
  49  4:25  Drone  
  49  4:29  Drone  
  49  4:30  Drone x2  
  56  4:32  Drone  
  56  4:34  Drone  
  56  4:37  Overlord  
  58  4:41  Zerg Missile Weapons Level 1  
  58  4:47  Queen  
  60  4:57  Glial Reconstitution  
  60  4:58  Overseer  
  60  5:00  Roach x4  
  60  5:01  Roach  
  60  5:02  Roach  
  60  5:06  Overlord  
  72  5:07  Overlord  
  72  5:09  Overlord  
  72  5:20  Overlord  
  72  5:24  Roach x4  
  72  5:25  Roach x2  
  84  5:33  Roach  
  86  5:38  Overlord  
  86  5:39  Overlord x2  
  86  5:41  Roach x2  
  90  5:47  Extractor  
  90  5:48  Drone x3  
  92  5:54  Roach  
  92  5:55  Roach x2  
  98  5:59  Roach  
  98  6:02  Roach  
  91  6:07  Queen, Roach  
  91  6:08  Queen x2  
  94  6:12  Roach  
  94  6:16  Roach  
  88  6:20  Spine Crawler x2  
  88  6:21  Roach x2  
  88  6:24  Roach  
  88  6:27  Zergling x6  
  88  6:28  Spine Crawler  
  88  6:32  Roach Warren  
  87  6:40  Zergling x12  
Show
View Real Time Build Order
Export as new Build Order

TheZergLord Zerg - Winner!

Build Orders: Hatch First 

Get SALT Encoding   

  12  0:01  Drone  
  13  0:12  Overlord  
  13  0:17  Drone  
  14  0:31  Drone  
  14  0:32  Drone  
  16  0:35  Drone  
  17  0:52  Hatchery  
  17  0:55  Drone  
  17  1:09  Spawning Pool  
  16  1:13  Drone  
  16  1:16  Drone  
  18  1:19  Extractor  
  18  1:21  Drone  
  18  1:28  Drone  
  19  1:39  Overlord  
  19  1:57  Queen  
  19  1:58  Zergling x2  
  22  2:04  Queen  
  25  2:08  Drone x2  
  26  2:19  Drone x2  
  28  2:25  Drone  
  29  2:33  Drone x2  
  29  2:34  Queen  
  33  2:40  Queen  
  35  2:45  Overlord  
  35  2:47  Drone  
  35  2:53  Overlord  
  35  3:07  Drone x5  
  35  3:09  Evolution Chamber  
  35  3:12  Lair  
  39  3:18  Drone x2  
  41  3:25  Roach Warren  
  40  3:35  Drone x3, Zerg Missile Weapons Level 1  
  40  3:38  Extractor x2  
  41  3:50  Evolution Chamber  
  41  3:53  Drone x3  
  41  3:54  Drone x4  
  47  3:56  Drone  
  47  3:57  Drone  
  49  4:05  Roach  
  49  4:07  Overlord  
  49  4:09  Glial Reconstitution  
  51  4:18  Overlord  
  51  4:19  Overseer  
  51  4:27  Roach x3  
  51  4:28  Roach  
  59  4:43  Roach x4  
  67  4:49  Overlord  
  67  4:53  Overlord  
  67  4:54  Overlord x3  
  67  5:09  Roach x3  
  67  5:10  Roach  
  67  5:13  Roach x2  
  79  5:21  Drone  
  80  5:26  Roach  
  80  5:27  Roach x5  
  92  5:40  Roach x2  
  96  5:49  Hatchery  
  95  5:59  Roach x6  
  99  6:11  Roach x4  
  97  6:15  Roach  
  99  6:23  Roach x3  
  105  6:27  Roach  
  105  6:30  Overlord  
  107  6:49  Roach x3  
  107  6:50  Roach x2  
Tags
 
Add a new tag
Caveats
  • Supply blocks, unpowered buildings, or Contaminate may cause inaccurate times.
  • Supply counts are checked every 10 seconds.